Map: [ESL] Data-C

Players

ArT

  • Race: Protoss Protoss
  • Spawn Location: 9:00

GunGFuBanDa - Winner!

  • Race: Protoss Protoss
  • Spawn Location: 3:00

Event: DreamHack SC2 Masters 2022 Atlanta (Online)

VOD

Have the link to the VOD?

Description

Time

  • Played on: Oct. 7, 2022, 11:37 a.m.
  • Length: 16:39

All games in this series

Show
View Real Time Build Order
Export as new Build Order

ArT Protoss 

Build Orders: Phoenix Opening, Carriers, Zealot Archon 

Get SALT Encoding   

  12  0:00  Probe  
  13  0:12  Probe  
  14  0:19  Pylon  
  14  0:24  Probe  
  15  0:37  Probe (Chrono Boost)  
  15  0:38  Gateway  
  16  0:47  Probe (Chrono Boost), Assimilator  
  17  0:52  Probe (Chrono Boost)  
  18  1:04  Probe  
  19  1:16  Probe (Chrono Boost)  
  20  1:20  Pylon  
  20  1:22  Assimilator  
  20  1:25  Cybernetics Core  
  20  1:28  Probe (Chrono Boost)  
  23  1:37  Probe  
  24  1:49  Probe  
  25  1:56  Nexus  
  23  2:02  Stalker (Chrono Boost)  
  23  2:05  Warp Gate  
  23  2:08  Probe  
  26  2:17  Pylon  
  26  2:20  Probe  
  27  2:23  Sentry (Chrono Boost)  
  29  2:32  Probe  
  29  2:35  Shield Battery  
  29  2:44  Probe  
  29  2:50  Gateway  
  30  2:54  Stalker  
  32  2:58  Phoenix  
  32  3:00  Probe (Chrono Boost)  
  33  3:08  Probe (Chrono Boost)  
  33  3:12  Probe (Chrono Boost)  
  35  3:19  Probe (Chrono Boost)  
  37  3:20  Twilight Council, Probe (Chrono Boost)  
  37  3:24  Probe (Chrono Boost)  
  37  3:26  Stalker  
  40  3:28  Probe  
  41  3:35  Shield Battery, Probe  
  41  3:40  Probe  
  43  3:47  Probe  
  44  3:48  Pylon  
  44  3:53  Probe  
  45  3:56  Charge  
  45  3:59  Probe  
  46  4:07  Pylon  
  46  4:10  Gateway  
  46  4:11  Sentry, Stalker  
  46  4:12  Probe x2  
  46  4:15  Assimilator  
  52  4:24  Probe  
  53  4:32  Nexus  
  53  4:33  Pylon  
  53  4:36  Probe  
  53  4:37  Probe  
  55  4:46  Gateway  
  55  4:48  Probe  
  55  4:49  Robotics Facility, Gateway  
  56  4:55  Stalker  
  58  5:03  Pylon  
  58  5:08  Probe  
  58  5:12  Probe  
  59  5:14  Templar Archives  
  59  5:19  Pylon  
  59  5:24  Gateway  
  59  5:25  Probe x2, Gateway  
  59  5:28  Gateway  
  61  5:36  Observer (Chrono Boost)  
  61  5:37  Probe x2  
  61  5:38  Gateway  
  64  5:46  Zealot x3  
  64  5:48  Zealot  
  64  5:49  Probe  
  73  5:51  Probe x2  
  73  5:54  Warp Prism (Chrono Boost)  
  75  6:02  Probe (Chrono Boost), Pylon  
  75  6:03  Probe (Chrono Boost)  
  79  6:06  Probe (Chrono Boost)  
  79  6:07  High Templar x2  
  84  6:12  Archon  
  84  6:14  Probe (Chrono Boost)  
  82  6:20  Zealot x4  
  82  6:24  Probe x3 (Chrono Boost)  
  90  6:29  Pylon  
  90  6:30  Zealot  
  90  6:32  Blink (Chrono Boost)  
  95  6:35  Probe  
  95  6:36  Probe  
  97  6:46  Probe  
  98  6:48  Zealot x3, High Templar x2  
  98  6:52  Archon, Pylon  
  108  6:58  Forge  
  108  7:02  Assimilator  
  108  7:04  Probe  
  108  7:06  Assimilator  
  109  7:10  Probe  
  109  7:11  Zealot, Observer  
  109  7:12  Zealot x2  
  117  7:22  Zealot x3  
  111  7:31  Protoss Ground Weapons Level 1 (Chrono Boost)  
  111  7:34  Photon Cannon  
  111  7:35  Stalker x4  
  106  7:39  Probe  
  106  7:40  Photon Cannon  
  98  7:54  Probe  
  98  7:55  Photon Cannon, Probe  
  98  7:57  Immortal (Chrono Boost)  
  92  8:00  Shield Battery  
  96  8:10  Stalker x4  
  96  8:12  Zealot x2, Stalker  
  110  8:14  Probe x2  
  110  8:15  Probe  
  113  8:24  Pylon  
  113  8:29  Nexus  
  113  8:35  Warp Prism (Chrono Boost)  
  115  8:42  High Templar x2  
  115  8:44  Photon Cannon  
  115  8:47  Archon  
  119  8:49  Zealot x2  
  119  8:54  Probe  
  119  8:55  Probe  
  125  8:57  Pylon  
  125  8:59  Pylon  
  125  9:10  Gateway  
  125  9:14  Pylon  
  125  9:15  Probe  
  125  9:17  Pylon  
  125  9:18  High Templar x2  
  125  9:21  High Templar x2  
  125  9:22  Zealot x3  
  139  9:24  Probe  
  139  9:26  Archon x2  
  139  9:31  Shield Battery, Protoss Ground Weapons Level 2 (Chrono Boost), Pylon  
  140  9:39  Probe  
  140  9:40  Probe x2  
  140  9:44  Probe  
  144  9:46  Stargate  
  144  9:48  Zealot x3  
  144  9:49  Observer (Chrono Boost)  
  144  9:52  Zealot x2  
  155  9:56  Stalker  
  157  10:03  Probe  
  157  10:06  Observer  
  158  10:07  Stargate  
  158  10:11  Stalker x2  
  162  10:17  Stalker  
  164  10:25  Pylon  
  164  10:27  Pylon  
  164  10:28  Probe  
  164  10:30  Probe  
  164  10:32  Phoenix (Chrono Boost)  
  164  10:33  Assimilator x2  
  168  10:36  Assimilator, Pylon  
  168  10:37  Photon Cannon  
  168  10:43  Zealot x3, Stalker x3  
  168  10:46  Immortal (Chrono Boost)  
  184  10:56  Phoenix x2 (Chrono Boost)  
  186  11:06  Probe  
  186  11:08  Photon Cannon  
  187  11:15  Probe  
  187  11:16  Fleet Beacon  
  187  11:17  Photon Cannon  
  188  11:23  Phoenix (Chrono Boost)  
  188  11:24  Phoenix (Chrono Boost)  
  192  11:28  Gateway  
  192  11:30  Pylon  
  170  11:41  Zealot x5  
  170  11:42  Zealot x3  
  123  12:02  Immortal (Chrono Boost)  
  123  12:05  Zealot x7  
  107  12:22  Observer  
  107  12:26  High Templar x4  
  107  12:27  Carrier (Chrono Boost)  
  119  12:31  Archon x2  
  119  12:35  Protoss Ground Weapons Level 3 (Chrono Boost)  
  119  12:38  Carrier (Chrono Boost)  
  119  12:39  Immortal (Chrono Boost)  
  129  12:50  Sentry  
  131  12:51  Protoss Air Weapons Level 1  
  131  12:58  Mothership (Chrono Boost)  
  131  13:00  Zealot x6  
  157  13:24  Carrier (Chrono Boost)  
  156  13:30  Stargate  
  154  13:40  Stalker  
  154  13:41  Zealot  
  158  13:42  Carrier (Chrono Boost)  
  160  13:55  Zealot x2  
  147  13:58  Stalker x4  
  126  14:21  Shield Battery, Stalker  
  126  14:22  Stalker x7  
  128  14:28  Carrier x2 (Chrono Boost)  
  132  14:38  Observer (Chrono Boost)  
  132  14:46  Pylon  
  132  14:48  Sentry  
  132  14:49  Zealot  
  132  14:52  Observer (Chrono Boost)  
  136  14:57  Dark Shrine  
  137  15:00  Stalker x5  
  131  15:15  Zealot x2  
  107  15:30  Shield Battery  
  107  15:33  High Templar  
  107  15:34  High Templar x3  
  107  15:35  Nexus, Zealot x2  
  116  15:39  Archon x2  
  102  15:43  Stalker  
  102  15:54  Pylon  
  102  16:00  Stalker x3  
  103  16:15  Dark Templar x3  
  106  16:32  Stalker x4  
Show
View Real Time Build Order
Export as new Build Order

GunGFuBanDa Protoss - Winner!

Build Orders:  

Get SALT Encoding   

  12  0:00  Probe  
  13  0:12  Probe  
  14  0:19  Pylon  
  14  0:24  Probe  
  15  0:37  Probe (Chrono Boost)  
  15  0:40  Gateway  
  16  0:46  Probe (Chrono Boost)  
  16  0:47  Assimilator  
  17  0:51  Probe (Chrono Boost)  
  17  0:55  Assimilator  
  18  1:03  Probe (Chrono Boost)  
  19  1:09  Gateway  
  19  1:13  Probe (Chrono Boost)  
  19  1:18  Probe (Chrono Boost)  
  21  1:26  Cybernetics Core  
  21  1:30  Probe  
  22  1:38  Pylon  
  22  1:42  Probe  
  23  1:56  Probe  
  24  2:02  Adept  
  24  2:03  Adept, Warp Gate  
  24  2:08  Probe  
  29  2:15  Shield Battery  
  29  2:34  Nexus  
  29  2:39  Probe  
  29  2:42  Pylon  
  29  2:50  Stalker  
  31  3:00  Probe (Chrono Boost)  
  31  3:02  Sentry  
  34  3:10  Shield Battery  
  34  3:12  Probe (Chrono Boost)  
  35  3:13  Robotics Facility  
  35  3:17  Probe (Chrono Boost)  
  36  3:26  Probe (Chrono Boost)  
  37  3:33  Pylon  
  37  3:37  Probe (Chrono Boost)  
  38  3:42  Probe (Chrono Boost)  
  38  3:47  Probe (Chrono Boost)  
  40  3:53  Sentry x2  
  45  3:58  Probe x2 (Chrono Boost)  
  45  3:59  Warp Prism (Chrono Boost)  
  48  4:04  Probe  
  48  4:05  Probe  
  50  4:11  Forge  
  50  4:18  Probe x2  
  52  4:28  Twilight Council, Observer (Chrono Boost)  
  52  4:30  Probe x2  
  55  4:40  Protoss Ground Weapons Level 1 (Chrono Boost)  
  55  4:42  Probe  
  55  4:44  Immortal (Chrono Boost)  
  60  4:57  Nexus  
  60  5:13  Probe x2, Blink (Chrono Boost)  
  62  5:16  Pylon  
  62  5:18  Assimilator  
  62  5:28  Gateway  
  62  5:30  Gateway  
  62  5:32  Pylon  
  62  5:34  Immortal  
  66  5:36  Shield Battery  
  66  5:37  Probe  
  66  5:39  Probe  
  68  5:49  Probe  
  69  5:50  Stalker x2  
  72  5:58  Probe  
  72  6:01  Probe  
  72  6:03  Dark Shrine  
  74  6:10  Probe  
  75  6:11  Pylon  
  75  6:12  Probe  
  75  6:13  Probe  
  75  6:20  Stalker x2  
  75  6:22  Probe  
  75  6:24  Observer, Probe  
  80  6:28  Gateway  
  80  6:29  Probe  
  81  6:34  Probe  
  81  6:36  Probe  
  81  6:39  Assimilator  
  83  6:43  Photon Cannon  
  83  6:46  Shield Battery  
  83  6:49  Stalker x3  
  83  6:50  Stalker  
  91  6:58  Shield Battery  
  91  7:00  Gateway  
  91  7:02  Gateway  
  91  7:06  Photon Cannon  
  91  7:11  Probe x2  
  91  7:15  Dark Templar  
  92  7:18  Dark Templar  
  92  7:20  Probe  
  92  7:23  Probe  
  92  7:29  Probe (Chrono Boost)  
  88  7:34  Zealot x2  
  88  7:36  Probe (Chrono Boost)  
  92  7:41  Probe (Chrono Boost)  
  90  7:53  Nexus  
  90  7:55  Pylon  
  86  8:11  Pylon  
  86  8:13  Pylon  
  86  8:22  Assimilator x2  
  86  8:25  Pylon  
  86  8:29  Stalker x2  
  86  8:30  Stalker x2  
  86  8:32  Stalker  
  86  8:33  Photon Cannon, Stalker  
  98  8:35  Probe (Chrono Boost)  
  98  8:37  Photon Cannon  
  99  8:46  Probe (Chrono Boost)  
  100  8:51  Probe (Chrono Boost)  
  101  8:56  Robotics Bay  
  101  8:58  Probe x2 (Chrono Boost)  
  101  9:00  Shield Battery, Photon Cannon  
  101  9:02  Pylon  
  103  9:11  Probe x2  
  103  9:15  Assimilator  
  105  9:20  Robotics Bay  
  105  9:23  Pylon  
  105  9:29  Robotics Facility  
  105  9:33  Stalker x4  
  105  9:34  Stalker  
  105  9:35  Stalker  
  117  9:41  Pylon  
  117  9:42  Disruptor (Chrono Boost), Protoss Ground Weapons Level 2 (Chrono Boost)  
  119  10:02  Shield Battery  
  119  10:13  Probe  
  119  10:14  Probe  
  121  10:16  Photon Cannon  
  121  10:17  Stalker x4  
  121  10:18  Zealot x2  
  132  10:30  Pylon  
  132  10:33  Disruptor (Chrono Boost)  
  132  10:35  Nexus  
  132  10:38  Disruptor (Chrono Boost)  
  135  10:44  Probe x2  
  135  10:45  Probe  
  137  10:52  Photon Cannon  
  137  10:54  Photon Cannon  
  137  10:56  Shield Battery  
  137  10:57  Charge (Chrono Boost)  
  137  10:58  Pylon  
  137  11:01  Probe  
  137  11:02  Probe x2  
  143  11:08  Disruptor (Chrono Boost)  
  143  11:13  Disruptor (Chrono Boost)  
  143  11:14  Probe x2  
  143  11:17  Probe  
  149  11:18  Photon Cannon  
  149  11:24  Shield Battery, Zealot  
  150  11:25  Stalker x4, Pylon  
  150  11:26  Probe  
  133  11:57  Zealot, Dark Templar x2  
  133  11:58  Zealot x2, Dark Templar  
  131  12:06  Disruptor  
  132  12:09  Probe x2  
  132  12:10  Probe x2  
  132  12:22  Probe  
  131  12:24  Probe  
  131  12:26  Stalker x3  
  131  12:28  Assimilator  
  131  12:29  Gateway, Assimilator  
  138  12:31  Protoss Ground Weapons Level 3 (Chrono Boost)  
  138  12:35  Stalker x3  
  144  12:37  Probe x2, Gateway  
  144  12:39  Probe x2  
  144  12:41  Disruptor (Chrono Boost)  
  144  12:42  Disruptor (Chrono Boost)  
  148  12:46  Pylon  
  154  12:57  Pylon  
  154  12:59  Gravitic Boosters (Chrono Boost)  
  154  13:15  Nexus  
  154  13:16  Pylon  
  154  13:19  Probe x2  
  156  13:20  Pylon  
  156  13:24  Disruptor (Chrono Boost), Stalker x6  
  170  13:41  Stargate  
  170  13:46  Observer (Chrono Boost)  
  167  13:50  Disruptor  
  156  14:00  Stalker x8  
  156  14:01  Shield Battery  
  166  14:02  Photon Cannon  
  166  14:09  Disruptor  
  140  14:36  Stalker x7  
  140  14:37  Disruptor, Stalker  
  153  14:44  Probe x4  
  157  14:53  Gateway  
  157  14:55  Gateway  
  157  14:57  Gateway  
  157  15:00  Stalker x8  
  141  15:21  Zealot x5  
  141  15:23  Zealot x3, Observer (Chrono Boost)  
  157  15:44  Zealot x8  
  157  15:49  Disruptor (Chrono Boost)  
  174  15:52  Observer (Chrono Boost)  
  175  15:57  Fleet Beacon  
  175  16:10  Stalker x5  
  175  16:11  Stalker x6  
  195  16:20  Nexus  
  195  16:22  Pylon  
Tags
 
Add a new tag
Caveats
  • Supply blocks, unpowered buildings, or Contaminate may cause inaccurate times.
  • Supply counts are checked every 10 seconds.